Map: Port Aleksander LE

Players

Serral - Winner!

  • Race: Zerg Zerg
  • Spawn Location: 5:00

HeroMarine

  • Race: Terran Terran
  • Spawn Location: 11:00

Event: 2019 WCS Winter Europe

VOD

Have the link to the VOD?

Description

Time

  • Played on: April 7, 2019, 3:16 p.m.
  • Length: 14:34

All games in this series

Show
View Real Time Build Order
Export as new Build Order

Serral Zerg - Winner!

Build Orders: Hatch First 

Get SALT Encoding   

  12  0:00  Drone  
  13  0:12  Overlord  
  13  0:17  Drone  
  14  0:30  Drone x2  
  16  0:48  Hatchery  
  15  0:52  Drone  
  15  0:56  Drone  
  17  0:59  Drone  
  18  1:09  Extractor  
  17  1:15  Spawning Pool  
  17  1:17  Drone  
  17  1:21  Drone  
  18  1:28  Drone  
  19  1:38  Drone  
  20  1:49  Overlord  
  20  2:01  Queen x2  
  20  2:02  Zergling x4  
  26  2:10  Drone  
  26  2:11  Drone  
  26  2:13  Metabolic Boost  
  28  2:21  Drone  
  28  2:22  Drone  
  30  2:38  Hatchery  
  30  2:40  Drone  
  30  2:46  Queen  
  32  2:51  Overlord  
  32  2:54  Drone  
  32  2:58  Drone  
  34  3:01  Drone  
  34  3:02  Drone  
  36  3:12  Drone x2  
  38  3:15  Drone  
  38  3:16  Drone x2  
  41  3:21  Overlord  
  41  3:22  Queen  
  41  3:26  Drone  
  44  3:35  Overlord  
  44  3:36  Overlord  
  44  3:42  Drone x4  
  44  3:43  Drone  
  48  3:50  Queen  
  48  3:51  Zergling x2  
  48  3:53  Zergling x2  
  52  3:56  Zergling x2  
  52  3:57  Drone x2  
  52  3:59  Overlord  
  55  4:04  Queen  
  55  4:08  Zergling x4  
  59  4:12  Baneling Nest  
  59  4:13  Drone  
  59  4:16  Drone x2  
  61  4:17  Drone  
  61  4:21  Drone x2  
  64  4:27  Zergling x2  
  64  4:28  Overlord  
  64  4:30  Lair  
  64  4:31  Drone  
  66  4:32  Drone  
  67  4:39  Zergling x2  
  67  4:41  Extractor  
  67  4:42  Extractor, Drone  
  67  4:43  Drone x2, Spore Crawler  
  67  4:44  Spore Crawler  
  67  4:48  Zergling x4  
  67  4:49  Drone  
  67  4:52  Overlord  
  70  4:53  Drone x2  
  70  4:57  Drone x2  
  74  5:00  Overlord  
  74  5:06  Spore Crawler  
  73  5:10  Overlord  
  73  5:11  Drone x2, Queen  
  73  5:12  Drone  
  73  5:13  Drone  
  79  5:14  Drone  
  79  5:18  Zergling x6  
  79  5:19  Drone  
  84  5:24  Drone x2  
  84  5:25  Extractor x2  
  84  5:29  Overseer  
  84  5:30  Centrifical Hooks  
  84  5:31  Drone x2  
  86  5:36  Drone  
  86  5:37  Evolution Chamber x2, Baneling  
  86  5:38  Baneling  
  86  5:39  Drone  
  86  5:41  Drone x2  
  86  5:42  Drone  
  89  5:46  Queen  
  90  5:53  Drone  
  90  5:55  Drone x2  
  93  6:00  Overlord  
  93  6:01  Drone  
  93  6:03  Spore Crawler  
  92  6:04  Drone x2  
  92  6:05  Drone  
  92  6:06  Drone  
  96  6:11  Overlord  
  96  6:12  Drone  
  96  6:13  Overlord  
  96  6:17  Extractor  
  96  6:18  Hydralisk Den  
  96  6:22  Zerg Melee Weapons Level 1  
  96  6:23  Zerg Ground Armor Level 1  
  96  6:24  Drone  
  90  6:32  Drone  
  90  6:33  Drone x5  
  90  6:37  Hatchery  
  90  6:38  Zergling x8  
  98  6:44  Zergling x10  
  98  6:46  Overlord  
  103  6:49  Zergling x4  
  103  6:52  Zergling x4  
  107  6:56  Baneling x3  
  107  6:57  Baneling x6  
  107  6:58  Zergling x4  
  108  7:09  Zergling x8  
  108  7:11  Muscular Augments  
  108  7:14  Overlord x2  
  112  7:16  Infestation Pit  
  111  7:23  Zergling x4  
  111  7:24  Zergling x4  
  111  7:29  Pneumatized Carapace  
  115  7:32  Zergling x16  
  121  7:48  Hatchery  
  116  7:51  Drone x2  
  116  7:52  Drone  
  116  7:54  Baneling x2  
  116  7:55  Baneling  
  116  7:56  Overlord  
  116  7:57  Overlord  
  116  7:58  Drone x6  
  123  8:01  Hydralisk x2  
  123  8:03  Hive  
  129  8:06  Hydralisk x3  
  129  8:10  Overlord  
  129  8:11  Overlord  
  135  8:13  Hydralisk x2  
  135  8:17  Zerg Ground Armor Level 2  
  137  8:23  Drone, Grooved Spines  
  137  8:24  Drone  
  137  8:27  Zerg Melee Weapons Level 2  
  139  8:31  Drone  
  139  8:32  Spore Crawler  
  139  8:33  Hydralisk x4  
  147  8:46  Overlord  
  147  8:52  Overlord  
  147  8:53  Hatchery  
  147  8:55  Baneling x3  
  146  8:56  Baneling x7  
  146  8:57  Baneling x2, Overseer, Hydralisk  
  146  8:58  Zergling x4  
  146  9:00  Baneling x3  
  150  9:05  Zergling x8  
  153  9:20  Drone x3  
  153  9:21  Drone  
  153  9:24  Viper x4  
  157  9:27  Zergling x16  
  176  9:33  Extractor  
  176  9:35  Hydralisk x5  
  184  9:46  Drone  
  184  9:48  Hydralisk x2  
  184  9:49  Zergling x6  
  184  9:51  Burrow  
  192  10:10  Overlord  
  192  10:12  Overlord  
  183  10:15  Zergling x32  
  191  10:21  Baneling x16  
  191  10:24  Hatchery, Zergling x6  
  178  10:29  Zergling x12  
  175  10:40  Hydralisk x3  
  175  10:41  Zergling x10  
  165  10:45  Baneling x10  
  165  10:48  Zergling x6  
  162  10:57  Baneling Nest  
  162  10:59  Zergling x18  
  149  11:13  Zergling x20  
  149  11:18  Zergling x8  
  149  11:19  Queen  
  149  11:24  Zergling x10  
  141  11:28  Zergling x2  
  141  11:40  Hydralisk x6  
  141  11:42  Baneling  
  141  11:43  Baneling x9  
  153  11:50  Hydralisk  
  153  11:51  Hydralisk  
  153  11:52  Baneling x5  
  153  11:53  Baneling  
  157  12:00  Baneling  
  147  12:09  Zergling x28  
  147  12:13  Zergling x8  
  155  12:18  Zergling x2  
Show
View Real Time Build Order
Export as new Build Order

HeroMarine Terran 

Build Orders: Hellion Opening, Reaper Expand 

Get SALT Encoding   

  12  0:00  SCV  
  13  0:12  SCV  
  14  0:18  Supply Depot  
  14  0:24  SCV  
  15  0:39  SCV  
  15  0:41  Barracks  
  16  0:44  Refinery  
  16  0:52  SCV  
  17  1:04  SCV  
  18  1:16  SCV  
  19  1:28  Reaper  
  19  1:29  Orbital Command  
  20  1:42  Command Center  
  20  1:52  Supply Depot  
  20  1:54  SCV  
  20  2:00  Marine  
  22  2:06  SCV  
  23  2:12  Factory  
  23  2:15  Refinery  
  23  2:18  SCV  
  24  2:24  Barracks Reactor  
  24  2:30  SCV  
  25  2:42  SCV  
  26  2:54  Orbital Command  
  26  2:55  SCV  
  27  2:59  Starport  
  27  3:07  Hellion x2, SCV  
  32  3:19  SCV  
  33  3:21  SCV  
  33  3:26  Supply Depot  
  34  3:28  Hellion x2  
  34  3:31  Marine, SCV  
  34  3:33  SCV  
  41  3:35  Viking  
  43  3:44  SCV, Fusion Core  
  43  3:45  SCV  
  45  3:50  Barracks Tech Lab  
  45  3:51  Supply Depot  
  45  3:54  Hellion  
  47  3:57  Hellion  
  47  3:59  SCV  
  47  4:00  SCV  
  51  4:11  SCV  
  51  4:12  SCV  
  53  4:23  SCV  
  53  4:24  SCV, Supply Depot  
  53  4:27  Barracks Tech Lab  
  54  4:35  Battlecruiser  
  60  4:39  Command Center  
  60  4:41  SCV x2  
  62  4:50  Marine  
  63  4:53  SCV x2  
  63  4:57  Barracks  
  63  4:58  Stimpack  
  65  5:01  Barracks  
  65  5:05  Factory Reactor, SCV x2  
  67  5:08  Marine  
  67  5:09  Refinery x2  
  67  5:10  Supply Depot  
  68  5:17  SCV x2  
  70  5:24  Engineering Bay  
  70  5:28  Engineering Bay  
  70  5:31  Marine, SCV x2  
  70  5:33  Supply Depot  
  73  5:44  SCV x2  
  73  5:45  Starport Reactor  
  73  5:49  Marine  
  76  5:56  SCV x2  
  76  5:57  Marine x2  
  78  5:58  Marine x2  
  78  6:03  Orbital Command, Siege Tank  
  85  6:04  Terran Infantry Armor Level 1, Terran Infantry Weapons Level 1  
  85  6:07  Marine  
  85  6:08  SCV  
  87  6:14  Marine  
  87  6:15  Marine x2, Barracks  
  87  6:16  Barracks  
  91  6:19  Marine  
  91  6:20  SCV  
  91  6:21  Supply Depot  
  91  6:23  Medivac x2  
  91  6:25  Marine, SCV  
  97  6:31  Orbital Command  
  97  6:32  SCV  
  91  6:34  Marine  
  91  6:35  Marine x2  
  91  6:37  Marine  
  91  6:38  SCV  
  92  6:42  Marine  
  92  6:43  Supply Depot  
  92  6:44  SCV  
  92  6:45  Siege Tank  
  97  6:50  SCV  
  97  6:52  Marine x2  
  97  6:53  Marine  
  101  6:54  Armory  
  101  6:55  Marine  
  101  6:56  SCV  
  101  6:57  SCV  
  101  7:00  Marine  
  105  7:02  SCV  
  105  7:04  Barracks Reactor x2  
  106  7:08  SCV  
  106  7:11  Barracks  
  107  7:16  Barracks  
  107  7:18  Barracks  
  107  7:19  SCV x2  
  107  7:20  SCV  
  110  7:27  Combat Shield, Supply Depot  
  110  7:28  Marine x2, Supply Depot  
  112  7:31  Marine, SCV x2  
  112  7:32  SCV  
  116  7:37  Marine  
  117  7:49  Marine x4, Siege Tank  
  117  7:50  Marine x2  
  117  7:51  Supply Depot  
  125  7:52  Marine x2, Supply Depot  
  125  7:53  Supply Depot x2  
  125  7:55  Medivac  
  125  7:56  Medivac  
  131  8:01  Marine x2  
  133  8:08  Supply Depot  
  133  8:12  Marine x7  
  140  8:17  Supply Depot  
  140  8:19  Terran Infantry Armor Level 2  
  140  8:20  Marine  
  140  8:21  Marine  
  140  8:22  Marine x2  
  140  8:23  Marine  
  140  8:24  Medivac  
  140  8:26  Medivac  
  149  8:27  Terran Infantry Weapons Level 2  
  149  8:28  Supply Depot  
  149  8:30  Marine x4, Supply Depot  
  149  8:33  Marine  
  154  8:34  Marine x2  
  154  8:41  Marine x2  
  157  8:42  Marine x3  
  157  8:48  Marine x3, Siege Tank  
  167  8:54  Marine x3, Supply Depot  
  170  8:56  Medivac x2  
  170  8:57  Marine  
  170  8:59  Marine x2  
  177  9:04  Marine  
  177  9:07  Marine  
  177  9:08  Marine  
  177  9:09  Marine x2  
  182  9:14  Marine  
  182  9:15  Marine  
  182  9:16  Marine x2  
  186  9:24  Marine x2  
  186  9:25  Marine  
  186  9:26  Medivac  
  186  9:29  Marine  
  186  9:30  Marine  
  193  9:33  Siege Tank  
  193  9:34  Marine x3  
  193  9:36  Marine  
  193  9:37  Marine x3  
  199  9:43  Marine x3  
  199  9:47  Marine  
  200  10:10  Supply Depot x2  
  200  10:13  Command Center  
  200  10:15  Marine x3  
  200  10:16  Marine x2  
  193  10:22  Marine x2  
  193  10:24  Marine x2  
  193  10:25  Marine  
  193  10:26  Siege Tank  
  169  10:33  Marine x3  
  169  10:34  Marine x2  
  166  10:40  Marine x2  
  166  10:41  Marine  
  140  10:43  Marine  
  140  10:44  Orbital Command  
  140  10:45  Medivac  
  140  10:46  Medivac  
  132  10:51  Marine x5  
  136  10:58  Marine x2, Siege Tank  
  136  10:59  Marine  
  136  11:01  Marine  
  143  11:09  Marine x5  
  130  11:16  Marine x2  
  130  11:17  Marine  
  127  11:18  Marine  
  105  11:27  Marine x5  
  95  11:33  Marine  
  95  11:34  Marine, Orbital Command  
  95  11:35  Marine  
  95  11:36  Marine  
  95  11:38  Siege Tank  
  102  11:44  Marine x3  
  102  11:45  Marine x2  
  107  11:50  Medivac x2  
  107  11:51  Marine x2  
  107  11:53  Marine  
  114  11:54  Marine  
  115  12:02  Marine x3  
  115  12:03  Marine x2  
  107  12:09  Marine  
  107  12:12  Marine  
  107  12:13  Marine x2  
  107  12:15  Siege Tank  
  89  12:20  Marine x4  
Tags
 
Add a new tag
Caveats
  • Supply blocks, unpowered buildings, or Contaminate may cause inaccurate times.
  • Supply counts are checked every 10 seconds.